 Dungeon Crawl Stone Soup version 0.28-a0-1236-gb25a51b929 (webtiles) character file.

Game seed: 1581397911667454154

123 browni3141 the Chopper (level 5, -1/41 HPs)
             Began as a Ghoul Gladiator on Dec 25, 2021.
             Slain by an adder (3 damage)
             ... on level 4 of the Dungeon.
             The game lasted 00:03:08 (2933 turns).

browni3141 the Chopper (Ghoul Gladiator)            Turns: 2933, Time: 00:03:08

Health: -1/41      AC: 10    Str: 20    XL:     5   Next: 7%
Magic:  4/4        EV:  8    Int:  3    God:
Gold:   149        SH:  0    Dex: 10    Spells: 4/4 levels left

rFire   + . .      SeeInvis .   a - +0 war axe
rCold   + . .      Faith    .   (no shield)
rNeg    + + +      Spirit   .   m - +0 chain mail
rPois   ∞          Reflect  .   c - +0 helmet
rElec   .          Harm     .   g - +0 cloak
rCorr   .          Rampage  .   (no gloves)
Will    +....                   (no boots)
Stlth   ..........              (no amulet)
HPRegen 0.00/turn               t - ring of willpower
MPRegen 0.09/turn               h - ring of protection from fire

@: inhibited regen
A: claws 1, cold resistance 1, negative energy resistance 3, inhibited
regeneration, torment resistance 2
a: no special abilities


You were on level 4 of the Dungeon.
You visited 1 branch of the dungeon, and saw 4 of its levels.

You collected 149 gold pieces.

Inventory:

Hand Weapons
 a - a +0 war axe (weapon)
Missiles
 d - 3 throwing nets
 p - 17 poisoned darts (quivered)
 v - 4 atropa-tipped darts
Armour
 b - a +0 leather armour
 c - a +0 helmet (worn)
 g - a +0 cloak (worn)
 m - a +0 chain mail (worn)
Jewellery
 f - a ring of ice
 h - a ring of protection from fire (right claw)
 k - a ring of wizardry
 o - an amulet of magic regeneration
 t - a ring of willpower (left claw)
 u - a ring of ice
Scrolls
 e - 3 scrolls of identify {unknown}
 j - 2 scrolls of amnesia {unknown}
 n - a scroll of noise {unknown}
 q - a scroll of summoning {unknown}
 r - 2 scrolls of teleportation {unknown}
 s - a scroll of blinking {unknown}
 w - a scroll of fog {unknown}
Potions
 i - 2 potions of heal wounds {unknown}
 l - 2 potions of curing {unknown}
 x - a potion of magic {unknown}
 z - a potion of attraction {unknown}


   Skills:
 - Level 2.1 Fighting
 * Level 5.1 Axes
 - Level 1.7 Throwing
 - Level 2.6 Dodging


You had 4 spell levels left.
You didn't know any spells.
Your spell library contained the following spells:

 Spells                   Type           Power      Damage    Failure   Level
 Apportation              Tloc           0%         N/A       100%        1
 Alistair's Intoxication  Tmut/Pois      0%         N/A       100%        5


Dungeon Overview and Level Annotations

Branches:
Dungeon (4/15)
 Temple: D:4-7

Altars:
Yredelemnul

Shops:
D:4 =

Annotations:
D:3 1 runed translucent door, Nick1's ghost, amateur DsNe
D:4 Grinder


Innate Abilities, Weirdness & Mutations

You thrive by killing the living.
You are immune to poison.
You have sharp fingernails.
Your flesh is cold resistant. (rC+)
You are immune to negative energy. (rN+++)
You do not regenerate when monsters are visible.
You are immune to unholy pain and torment.


Message History

The gnoll is severely wounded.
The gnoll barely misses you. The gnoll hits you but does no damage.
The gnoll barely misses you.
You slash the gnoll!
You kill the gnoll!
You feel better. The gnoll barely misses you. x2
You have reached level 5!
You feel stronger. The gnoll barely misses you.
The gnoll hits you with a +0 spear.
* * * LOW HITPOINT WARNING * * *
You hit the gnoll but do no damage. The gnoll completely misses you.
A gnoll comes into view. It is wielding a +0 club.
The gnoll shouts!
You hit the gnoll shaman.
The gnoll shaman is moderately wounded.
The gnoll hits you but does no damage. The gnoll closely misses you.
The gnoll shaman closely misses you.
You hit the gnoll shaman but do no damage.
The gnoll shaman is moderately wounded.
The gnoll hits you but does no damage.
The gnoll hits you from afar with a +0 spear.
* * * LOW HITPOINT WARNING * * *
The gnoll shaman hits you with a +0 whip.
* * * LOW HITPOINT WARNING * * *
A gnoll comes into view. It is wielding a +0 flail.
The gnoll shouts!
The gnoll hits you but does no damage. The gnoll barely misses you.
The gnoll hits you but does no damage.
Found a scroll labelled LIJ HUCHAMMAI.
The gnoll is no longer moving quickly.
Grinder comes into view.
Grinder shouts!
Grinder blinks!
The gnoll shaman calls upon its god to speed up something.
An adder comes into view.
The adder hisses angrily.
The adder bites you but does no damage. The adder bites you.
You die...

##..##........<#g....... #
#.............##gg...##.
.##..###..................
......##.......g.##.......
......#........g## .#.#...
.................##...##.#
.............#............
....#.###...####S....##.......
.....)###..####.@.............
#...............................
##..........##........#.........(
###.........#........##.....#....
#.........................#...((
##..............#................
....................(........##..
.....................).....(.....
...#.##..##............#......#


You could see a gnoll shaman, a gnoll and an adder.

Vanquished Creatures
  A hound skeleton (D:4)
  4 adders
  2 gnolls (D:4)
  2 worms
  An orc (D:4)
  3 ball pythons
  4 endoplasms
  5 giant cockroaches
  4 goblins
  6 hobgoblins
  5 kobolds
  2 quokkas
  3 bats
  A frilled lizard (D:3)
  5 rats
48 creatures vanquished.

Vanquished Creatures (others)
  3 plants
3 creatures vanquished.

Grand Total: 51 creatures vanquished

Notes
Turn   | Place    | Note
-------+----------+-------------------------------------------
     0 | D:1      | browni3141 the Ghoul Gladiator began the quest for the Orb.
     0 | D:1      | Reached XP level 1. HP: 17/17 MP: 0/0
    47 | D:1      | Reached skill level 3 in Axes
    66 | D:1      | Reached XP level 2. HP: 24/24 MP: 1/1
   568 | D:2      | Reached XP level 3. HP: 25/29 MP: 2/2
   619 | D:2      | Found a basalt altar of Yredelemnul.
   906 | D:2      | Reached skill level 4 in Axes
   940 | D:2      | Reached XP level 4. HP: 36/36 MP: 3/3
  1416 | D:3      | Noticed Nick1's ghost (amateur DsNe)
  1417 | D:3      | Found a runed translucent door.
  2253 | D:3      | Found a faded altar of an unknown god.
  2793 | D:4      | Found Berent's Jewellery Shoppe.
  2887 | D:4      | Reached skill level 5 in Axes
  2907 | D:4      | Reached XP level 5. HP: 10/41 MP: 4/4
  2911 | D:4      | HP: 2/41 [gnoll shaman (4)]
  2922 | D:4      | Noticed Grinder
  2933 | D:4      | Slain by an adder

Illustrated notes

Levels and vault maps discovered:
D:1:      saegor_arrival_simple_a, layout_rooms, serial_bayou_ford_a
D:2:      layout_basic, basic_altar, kennysheep_generic_room_4
D:3:      layout_basic, dreamdust_ecumenical_altar_hidden_monk_grotto,
          hellmonk_ghost_happy_afterlife
D:4:      layout_cave_pools, serial_shops, shop, minmay_surrounded, uniq_grinder

Skill      XL: |  1  2  3  4 |
---------------+-------------+-----
Axes           | 3 4 5 |  5.1
Fighting       | |  2.1
Throwing       | |  1.7
Dodging        | |  2.6

Action                   |  1- 3 |  4- 6 || total
-------------------------+-------+-------++-------
Melee: War axe           |    79 |    84 ||   163
Throw: Dart              |       |     7 ||     7
Armor: Leather armour    |    28 |       ||    28
       Chain mail        |    11 |    59 ||    70
Dodge: Dodged            |    66 |    42 ||   108

Table legend: (Time is in decaauts)
 A = Elapsed time spent in this place.
 B = Non-inter-level travel time spent in this place.
 C = Inter-level travel time spent in this place.
 D = Time resting spent in this place.
 E = Time spent auto-exploring this place.
 F = Levels seen in this place.
 G = Mean time per level.
                   A        B        C        D        E       F      G
               +--------+--------+--------+--------+--------+-----+--------+
         Total |   2982 |   2929 |     53 |      0 |   2447 |   4 |  745.5 |
       Dungeon |   2982 |   2929 |     53 |      0 |   2447 |   4 |  745.5 |
               +--------+--------+--------+--------+--------+-----+--------+

Top non-repeatable levels by time:
     D:3: 1205 daAuts
     D:2: 899 daAuts
     D:1: 548 daAuts
     D:4: 329 daAuts
